 Dungeon Crawl Stone Soup version 0.28.0 (webtiles) character file.

Game seed: 14982649380207718240

267 Akaron the Digger (level 6, 0/36 HPs)
             Began as an Octopode Earth Elementalist on Feb 7, 2022.
             Was an Initiate of Vehumet.
             Killed from afar by Blork the orc (12 damage)
             ... with an iceblast
             ... on level 4 of the Dungeon.
             The game lasted 00:08:39 (4425 turns).

Akaron the Digger (Octopode Earth Elementalist)     Turns: 4425, Time: 00:08:39

Health: 0/36       AC:  1    Str:  7    XL:     6   Next: 21%
Magic:  10/11      EV: 17    Int: 19    God:    Vehumet [......]
Gold:   133        SH:  0    Dex: 13    Spells: 4/12 levels left

rFire   + . .      SeeInvis .   q - +0 war axe
rCold   + . .      Faith    .   (no shield)
rNeg    . . .      Spirit   .   (helmet restricted)
rPois   .          Reflect  .   (no amulet)
rElec   .          Harm     .   h - ring "Neitus" {rF+ EV+4}
rCorr   .          Rampage  .   l - ring of protection from cold
Will    .....                   (no ring)
Stlth   +++.......              (no ring)
HPRegen 0.12/turn               (no ring)
MPRegen 0.12/turn               (no ring)
                                (no ring)
                                (no ring)

@: no status effects
A: almost no armour, amphibious, 8 rings, camouflage 1, gelatinous body 1,
(nimble swimmer 1), tentacles
a: Renounce Religion


You were on level 4 of the Dungeon.
You worshipped Vehumet.
Vehumet was noncommittal.
You visited 1 branch of the dungeon, and saw 4 of its levels.

You collected 133 gold pieces.

Inventory:

Hand Weapons
 q - a +0 war axe (weapon)
Missiles
 b - 93 stones
Jewellery
 h - the ring "Neitus" (left tentacle) {rF+ EV+4}
   (You found it on level 2 of the Dungeon)

   [ring of evasion]

   EV:        It affects your evasion (+4).
   rF:        It protects you from fire.
 l - a ring of protection from cold (right tentacle)
Wands
 m - a wand of flame (10)
Scrolls
 c - 4 scrolls of identify {unknown}
 d - 3 scrolls of teleportation {unknown}
 f - a scroll of amnesia {unknown}
 j - a scroll of fear {unknown}
 o - a scroll of fog {unknown}
Potions
 a - a potion of brilliance {unknown}
 e - 2 potions of haste {unknown}
 g - a potion of might {unknown}
 i - a potion of cancellation {unknown}
 k - 2 potions of curing {unknown}
 n - a potion of lignification {unknown}
 p - a potion of degeneration {unknown}


   Skills:
 + Level 2.0 Dodging
 - Level 2.6 Stealth
 + Level 3.7 Spellcasting
 * Level 2.5 Conjurations
 + Level 1.4 Transmutations
 + Level 4.7 Earth Magic


You had 4 spell levels left.
You knew the following spells:

 Your Spells              Type           Power      Damage    Failure   Level
a - Sandblast             Erth           42%        2d11      1%          1
b - Passwall              Tmut/Erth      12%        N/A       6%          2
c - Stone Arrow           Conj/Erth      34%        3d9       10%         3
d - Searing Ray           Conj           26%        2d5       8%          2

Your spell library contained the following spells:

 Spells                   Type           Power      Damage    Failure   Level
 Magic Dart               Conj           52%        1d5       4%          1
 Petrify                  Tmut/Erth      15%        N/A       36%         4
 Fulminant Prism          Conj/Hex       4%         3d6       63%         4
 Fireball                 Conj/Fire      4%         3d4       93%         5
 Starburst                Conj/Fire      4%         6d3       100%        6
 Ignition                 Fire           1%         3d3       100%        8


Dungeon Overview and Level Annotations

Branches:
Dungeon (4/15)
 Temple: D:4-7

Altars:
Ru
Vehumet

Shops:
D:1 ?

Annotations:
D:4 Blork the orc


Innate Abilities, Weirdness & Mutations

You cannot wear most types of armour.
You are amphibious.
You can wear up to eight rings at the same time.
Your skin changes colour to match your surroundings (Stealth+).
Your rubbery body absorbs attacks. (AC +1, EV +1)
((You are camouflaged when in or above water. (Stealth+)))
You have tentacles for arms and can constrict up to eight enemies at once.


Message History

There is a stone staircase leading up here.
An adder is nearby!
You can't see any susceptible monsters within range! (Use Z to cast anyway.)
Found 11 gold pieces.
The blast of sand misses the adder.
The blast of sand hits the adder!
You kill the adder!
Vehumet accepts your kill.
Magic restored.
A ball python is nearby!
You can't see any susceptible monsters within range! (Use Z to cast anyway.)
You can't see any susceptible monsters within range! (Use Z to cast anyway.)
You can't see any susceptible monsters within range! (Use Z to cast anyway.) Blork the orc shouts!
You hear a shout!
Blork the orc screams, "I'll crush all your ribs!
One by one!"
You can't see any susceptible monsters within range! (Use Z to cast anyway.)
The ball python hisses angrily.
The kobold shouts!
The blast of sand hits the ball python!
You kill the ball python!
Vehumet accepts your kill.
Blork the orc gestures at you while chanting.
The magic dart hits you!
You can't see any susceptible monsters within range! (Use Z to cast anyway.)
Found 7 gold pieces.
Blork the orc gestures at you while chanting.
The magic dart hits you!
The kobold throws a stone.
The stone barely misses you.
You see here 11 gold pieces.
The blast of sand hits Blork the orc!
Blork the orc is moderately wounded.
Blork the orc gestures at you while chanting.
The magic dart hits you!
Blork the orc points at you and mumbles some strange words.
The puff of flame hits you. You resist.
Blork the orc begins to cast a cantrip, but forgets the words!
The kobold throws a stone.
The stone completely misses you.
The kobold throws a stone.
The stone completely misses you.
Blork the orc zaps a wand.
The mass of ice explodes!
The iceblast engulfs you! You partially resist.
You die...

# #...##....#########.###..###
. ###...####............# #.##
. .#....####...#########.###.#
#.......#....#......# #......#
S........#######...###..#####
..........######........##
........K.....†.........##
........o.........##..#..####
.......$######@...##........#
.....o..# #.....##...<....#
........# #.#.......÷.....#
........# ...#.#......)....#
......... .###.#.##........#
....###.. ###..........>....###
$##.....###.....#.##...........
##...###..##.##.##........###
#.....#.[.##.##...........


You could see Blork the orc and a kobold.

Vanquished Creatures
  A hound (D:3)
  An orc priest (D:3)
  An orc wizard (D:3)
  An iguana (D:4)
  Natasha (D:3)
  Robin (D:3)
  A gnoll (D:4)
  4 adders
  2 worms (D:2)
  2 dart slugs
  2 orcs (D:3)
  4 ball pythons
  4 endoplasms
  2 giant cockroaches
  8 hobgoblins
  3 jackals (D:2)
  2 kobolds
  5 quokkas
  A bat (D:1)
  13 goblins
  6 rats
65 creatures vanquished.

Notes
Turn   | Place    | Note
-------+----------+-------------------------------------------
     0 | D:1      | Akaron the Octopode Earth Elementalist began the quest for
                  | the Orb.
     0 | D:1      | Reached XP level 1. HP: 11/11 MP: 3/3
   476 | D:1      | Reached XP level 2. HP: 17/17 MP: 1/5
   689 | D:1      | Found Rauvox's Magic Scroll Boutique.
  1370 | D:2      | Reached skill level 1 in Conjurations
  1412 | D:2      | Learned a level 2 spell: Passwall
  1485 | D:2      | Identified the ring "Neitus" {rF+ EV+4}
  1499 | D:2      | Reached XP level 3. HP: 21/21 MP: 3/6
  2236 | D:2      | Reached XP level 4. HP: 27/27 MP: 6/8
  2240 | D:2      | Learned a level 3 spell: Stone Arrow
  2243 | D:2      | Learned a level 2 spell: Searing Ray
  2415 | D:2      | Found a radiant altar of Vehumet.
  2432 | D:2      | Became a worshipper of Vehumet
  3106 | D:3      | Found a sacrificial altar of Ru.
  3208 | D:3      | Reached skill level 4 in Earth Magic
  3224 | D:3      | Reached XP level 5. HP: 31/31 MP: 5/9
  3305 | D:3      | Noticed Robin
  3414 | D:3      | Killed Robin
  3717 | D:3      | Noticed Natasha
  3724 | D:3      | Killed Natasha
  4217 | D:4      | Noticed Blork the orc
  4219 | D:4      | Reached XP level 6. HP: 31/36 MP: 7/11
  4425 | D:4      | Killed from afar by Blork the orc

Illustrated notes

Levels and vault maps discovered:
D:1:      matt_arrival_spirals, layout_loops_ring, serial_shops, shop
D:2:      minmay_chambers_of_ones, layout_loops_corners, serial_aquarium,
          aquarium_bridge_straight [aquarium_subvault_bridge,
          aquarium_subvault_wall, aquarium_subvault_bridge,
          aquarium_subvault_window], aquarium_bridge_island_small
          [aquarium_subvault_small_open, aquarium_subvault_window,
          aquarium_subvault_bridge, aquarium_subvault_wall,
          aquarium_subvault_wall], aquarium_window_corridor_1,
          aquarium_window_1, aquarium_window_fake, aquarium_view_2g,
          aquarium_pool_four, basic_altar
D:3:      layout_rooms, nicolae_ru_path_of_blood, uniq_natasha, uniq_robin
D:4:      layout_rooms, minmay_temple_entry_statues_fountains,
          minmay_fractal_squares_diagonal_5, uniq_blork_the_orc

Skill      XL: |  1  2  3  4 |
---------------+-------------+-----
Conjurations   | 1 2 |  2.5
Spellcasting   | 3 |  3.7
Earth Magic    | 4 |  4.7
Dodging        | |  2.0
Stealth        | |  2.6
Transmutations | |  1.4

Action                   |  1- 3 |  4- 6 || total
-------------------------+-------+-------++-------
Melee: Unarmed           |     5 |    16 ||    21
       Tentacles         |     2 |     6 ||     8
       Punch             |     1 |     1 ||     2
       Constrict         |     1 |       ||     1
 Cast: Sandblast         |    46 |    59 ||   105
       Passwall          |       |     7 ||     7
       Searing Ray       |       |     1 ||     1
Armor: Skin              |     2 |     1 ||     3
Dodge: Dodged            |     8 |    25 ||    33
